 Dungeon Crawl Stone Soup version 0.31.0-12-g77e489cdc1 (webtiles) character file.

Game seed: 10168840648741243779

1124 Strobyh the Trooper (level 8, -2/65 HPs)
             Began as a Demonspawn Brigand on Mar 1, 2024.
             Succumbed to Duvessa's poison
             ... on level 5 of the Dungeon.
             The game lasted 00:05:23 (4875 turns).

Strobyh the Trooper (Demonspawn Brigand)            Turns: 4875, Time: 00:05:24

Health: -2/65      AC:  4    Str: 11    XL:     8   Next: 13%
Magic:  9/12       EV: 11    Int: 14    God:
Gold:   100        SH:  0    Dex: 15    Spells: 10/13 levels left

rFire   . . .        a - +2 dagger
rCold   . . .        (no shield)
rNeg    . . .        b - +0 robe
rPois   .            (no helmet)
rElec   .            c - +0 cloak
rCorr   .            o - +0 pair of gloves
SInv    .            (no boots)
Will    .....        (no amulet)
Stlth   ++           Z - ring of wizardry
HPRegen 0.30/turn    (no ring)
MPRegen 0.13/turn

%: wizardry (x1)
@: lethally poisoned (-2 -> -26), confusing by touch
A: hooves 1, demonic guardian 1, foul stench 1, demonic touch 1
a: no special abilities


You were on level 5 of the Dungeon.
You visited 1 branch of the dungeon, and saw 5 of its levels.

You collected 215 gold pieces.
You spent 115 gold pieces at shops.


Innate Abilities, Weirdness & Mutations

You have large cloven feet.
A weak demonic guardian rushes to your aid.
You may rarely emit foul miasma when damaged in melee.
Your touch may inflict minor irresistible damage on your foes.


   Skills:
 + Level 6.7 Fighting
 - Level 1.7 Short Blades
 - Level 1.7 Throwing
 - Level 0.8 Dodging
 - Level 3.6 Stealth
 - Level 3.0 Spellcasting
 - Level 6.0 Hexes


You had 10 spell levels left.
You knew the following spells:

 Your Spells              Type           Power      Damage    Failure   Level
c - Confusing Touch       Hex            18%        N/A       2%          3

Your spell library contained the following spells:

 Spells                   Type           Power      Damage    Failure   Level
 Kiss of Death            Conj/Necr      8%         2d6       9%          1
 Dispel Undead            Necr           2%         3d7       61%         4

Inventory:

Hand Weapons
 a - a +2 dagger (weapon)
Missiles
 d - 12 poisoned darts
 e - 3 curare-tipped darts (quivered) {=f}
 u - 2 silver javelins
Armour
 b - a +0 robe (worn)
 c - a +0 cloak (worn)
 o - a +0 pair of gloves (worn)
 r - a scarf of repulsion
Jewellery
 Z - a ring of wizardry (left hand)
Talismans
 v - a blade talisman
Scrolls
 f - 4 scrolls of teleportation {unknown}
 h - 2 scrolls of noise {unknown}
 j - 5 scrolls of identify {unknown}
 k - a scroll of enchant armour {unknown}
 m - 3 scrolls of fog {unknown}
 p - a scroll of enchant weapon {unknown}
 s - a scroll of immolation {unknown}
 t - a scroll of poison {unknown}
Potions
 g - a potion of might {unknown}
 i - 3 potions of curing {unknown}
 l - a potion of degeneration {unknown}
 n - a potion of invisibility {unknown}
 q - a potion of haste {unknown}

Dungeon Overview and Level Annotations

Branches:
Dungeon (5/15)
 Temple: D:4-7

Altars:
Hepliaklqana
Trog

Shops:
D:4 *

Annotations:
D:5 Dowan, Duvessa

#([.## ##....# .
#.....# .. . #...†.# ..
. +.....# .. #
#.##...## .# .#####
#.##...###..# .....#
#......)..e.# ...[.#..
#.....@#e5..# ▒▒...#...
#......#....# ⌠▒...#...
##..(.#####+#
.▒▒▒.#...###....###...#
...▒..................#
.▒▒▒..................#
⌠▒....................#
▒▒..#.................#
....#.................#


You could see Dowan.


Message History

Confirm with . or Enter, or press ? or * to list all spells.
Your hands begin to glow red.
Duvessa hits you with a +1 rapier of venom!
You are poisoned.
Dowan gestures at Duvessa while chanting.
Duvessa seems to speed up.
You barely miss Duvessa. You kick Duvessa, but do no damage.
Duvessa is lightly wounded.
You feel sick. Duvessa barely misses you.
Unknown command.
You hit Duvessa but do no damage. Your touch misses Duvessa.
Duvessa is lightly wounded.
You feel sick.
Duvessa hits you with a +1 rapier of venom!
* * * LOW HITPOINT WARNING * * *
You are more poisoned.
Dowan zaps a wand.
The puff of flame hits you!
* * * LOW HITPOINT WARNING * * *
* * * LOW HITPOINT WARNING * * *
You feel very sick.
Duvessa hits you with a +1 rapier of venom!
* * * LOW HITPOINT WARNING * * *
A demonic guardian appears!
You are more poisoned.
Dowan zaps a wand.
The puff of flame hits you.
* * * LOW HITPOINT WARNING * * *
There is an open door here.
Things that are here:
a +1 dagger of flaming; a +0 leather armour; an orc corpse You die...

Skill      XL: |  1  2  3  4  5  6  7 |
---------------+----------------------+-----
Fighting       | 3 4 6 |  6.7
Spellcasting   | 1 2 3 |  3.0
Hexes          | 1 3 5 6 |  6.0
Short Blades   | |  1.7
Throwing       | |  1.7
Dodging        | |  0.8
Stealth        | |  3.6

Action                     |  1- 3 |  4- 6 |  7- 9 || total
---------------------------+-------+-------+-------++-------
  Melee: Dagger            |   107 |   109 |    50 ||   266
         Punch             |       |     1 |     1 ||     2
         Touch             |       |     9 |    22 ||    31
         Kick              |       |       |     6 ||     6
  Throw: Dart              |       |     3 |       ||     3
   Cast: Confusing Touch   |       |       |     5 ||     5
   Stab: Sleeping          |     8 |     8 |     3 ||    19
         Distracted        |       |     1 |       ||     1
 Armour: Robe              |    56 |    67 |    33 ||   156
  Dodge: Dodged            |    55 |    57 |    22 ||   134

Levels and vault maps discovered:
D:1:      elethiomel_arrival_maze, layout_basic
D:2:      layout_loops_corners, minmay_unequal
D:3:      layout_basic, uniq_jessica
D:4:      layout_gridville, mainiacjoe_overflow_24_doors,
          mainiacjoe_overflow_brackets, serial_shops, shop,
          sigmund_edmund_badplayer
D:5:      layout_gridville, minmay_temple_entry_hall, nicolae_fountain_basement,
          uniq_duvessa, uniq_blork_the_orc

Notes
Turn   | Place    | Note
-------+----------+-------------------------------------------
     0 | D:1      | Strobyh the Demonspawn Brigand began the quest for the Orb.
     0 | D:1      | Reached XP level 1. HP: 16/16 MP: 1/1
   173 | D:1      | Gained mutation: A weak demonic guardian rushes to your
                  | aid. [demonic ancestry]
   173 | D:1      | Reached XP level 2. HP: 23/23 MP: 2/2
   355 | D:1      | Reached skill level 3 in Fighting
   957 | D:2      | Gained mutation: You may rarely emit foul miasma when
                  | damaged in melee. [demonic ancestry]
   957 | D:2      | Reached XP level 3. HP: 29/29 MP: 3/3
  1059 | D:2      | Identified the +0 spear of the Bespelling Enemy {flame,
                  | Str+5}
  1776 | D:3      | Noticed Jessica
  1781 | D:3      | Killed Jessica
  1782 | D:3      | Reached skill level 1 in Spellcasting
  1782 | D:3      | Reached XP level 4. HP: 37/37 MP: 4/6
  1842 | D:3      | Reached skill level 4 in Fighting
  2009 | D:3      | Reached skill level 2 in Spellcasting
  2347 | D:3      | Learned a level 3 spell: Confusing Touch
  2543 | D:4      | Noticed Sigmund
  2695 | D:4      | Found Kepn's Assorted Antiques.
  2916 | D:4      | Bought a scroll labelled IMALITSI HOPP for 23 gold pieces
  2916 | D:4      | Bought a scroll labelled UMOHIVVUOBUU for 23 gold pieces
  2916 | D:4      | Bought a scroll labelled IMMARI JATIO for 23 gold pieces
  2916 | D:4      | Bought a scroll labelled ULECVOSURCH for 23 gold pieces
  2916 | D:4      | Bought a scroll labelled GENTENUIBB for 23 gold pieces
  2957 | D:3      | HP: 3/37 [poisoned by an adder]
  2958 | D:3      | Reached skill level 1 in Hexes
  2958 | D:3      | You feel monstrous as your demonic heritage exerts itself.
  2958 | D:3      | Discovered your monstrous ancestry.
  2958 | D:3      | Gained mutation: Your touch may inflict minor irresistible
                  | damage on your foes. [demonic ancestry]
  2958 | D:3      | Reached XP level 5. HP: 3/42 MP: 8/8
  3232 | D:4      | Killed Sigmund
  3233 | D:4      | Reached skill level 3 in Spellcasting
  3233 | D:4      | Reached skill level 3 in Hexes
  3233 | D:4      | Reached XP level 6. HP: 11/48 MP: 8/10
  3509 | D:4      | Reached skill level 4 in Hexes
  3618 | D:4      | Reached skill level 5 in Hexes
  3634 | D:4      | Found a bloodstained altar of Trog.
  3710 | D:4      | Reached XP level 7. HP: 38/54 MP: 11/11
  3844 | D:4      | Noticed Edmund
  3854 | D:4      | Killed Edmund
  3855 | D:4      | Reached skill level 6 in Hexes
  4028 | D:4      | Reached skill level 5 in Fighting
  4049 | D:4      | Found a hazy altar of Hepliaklqana.
  4205 | D:5      | Entered Level 5 of the Dungeon
  4213 | D:5      | Reached skill level 6 in Fighting
  4218 | D:5      | HP: 1/58 [iguana (10)]
  4524 | D:5      | Gained mutation: You have large cloven feet. [demonic
                  | ancestry]
  4524 | D:5      | Reached XP level 8. HP: 64/64 MP: 9/12
  4867 | D:5      | Noticed Duvessa
  4870 | D:5      | Noticed Dowan
  4874 | D:5      | HP: 2/65 [Dowan/puff of flame (6)]
  4875 | D:5      | Succumbed to Duvessa's poison

Vanquished Creatures
  Sigmund (D:4)
  Edmund (D:4)
  2 black bears
  2 ogres (D:5)
  A phantom (D:4)
  2 scorpions (D:4)
  A bombardier beetle (D:4)
  A hound (D:4)
  Jessica (D:3)
  2 iguanas (D:5)
  A sleepcap (D:3)
  3 gnolls (D:4)
  3 adders (D:3)
  2 dart slugs
  An orc (D:5)
  8 bats
  6 endoplasms
  A giant cockroach (D:2)
  6 goblins
  6 hobgoblins
  4 kobolds
  4 quokkas
  8 ball pythons
  6 frilled lizards
  6 rats
79 creatures vanquished.

Vanquished Creatures (collateral kills)
  A gnoll (D:4)
  2 ball pythons
  A hobgoblin (D:1)
  A kobold (D:1)
5 creatures vanquished.

Grand Total: 84 creatures vanquished

Table legend: (Time is in decaauts)
 A = Elapsed time spent in this place.
 B = Non-inter-level travel time spent in this place.
 C = Inter-level travel time spent in this place.
 D = Time resting spent in this place.
 E = Time spent auto-exploring this place.
 F = Levels seen in this place.
 G = Mean time per level.
                   A        B        C        D        E       F      G
               +--------+--------+--------+--------+--------+-----+--------+
         Total |   4853 |   4709 |    144 |   1014 |   2971 |   5 |  970.6 |
       Dungeon |   4853 |   4709 |    144 |   1014 |   2971 |   5 |  970.6 |
               +--------+--------+--------+--------+--------+-----+--------+

Top non-repeatable levels by time:
     D:4: 1690 daAuts
     D:3: 1138 daAuts
     D:1: 849 daAuts
     D:2: 842 daAuts
     D:5: 333 daAuts

Table legend:
 A = Non-vault XP
 B = Vault XP
 C = Vault XP percentage of total XP
 D = Non-vault monster count
 E = Vault monster count
 F = Vault count percentage of total count
                 A         B        C        D         E       F
            +---------+---------+-------+---------+---------+-------
      Total |     890 |     716 |  44.6 |      75 |       9 |  10.7
            +---------+---------+-------+---------+---------+-------
        D:1 |      36 |       0 |   0.0 |      20 |       0 |   0.0
        D:2 |      20 |       7 |  25.9 |      13 |       3 |  18.8
        D:3 |     100 |      37 |  27.0 |      21 |       1 |   4.5
        D:4 |     574 |     392 |  40.6 |      18 |       2 |  10.0
        D:5 |     160 |     280 |  63.6 |       3 |       3 |  50.0
            +---------+---------+-------+---------+---------+-------
